 Dungeon Crawl Stone Soup version 0.27-a0-1051-g288ea87c7c (webtiles) character file.

Game seed: 9862904425684133405

118 porpoise the Magician (level 5, -12/40 HPs)
             Began as a Djinni Venom Mage on Apr 21, 2021.
             Killed from afar by a white imp (18 damage)
             ... with a puff of frost
             ... on level 4 of the Dungeon.
             The game lasted 00:09:01 (4193 turns).

porpoise the Magician (Djinni Venom Mage)           Turns: 4193, Time: 00:09:02

Health: -12/40     AC:  4    Str:  7    XL:     5   Next: 2%
Gold:   104        EV: 12    Int: 18    God:
                   SH:  0    Dex: 13

rFire    + + .     SeeInvis .   a - +0 rapier
rCold    x . .     Faith    .   (no shield)
rNeg     . . .     Spirit   .   c - +0 robe
rPois    ∞         Reflect  .   (no helmet)
rElec    .         Harm     .   v - +0 cloak
rCorr    +         Rampage  .   r - +0 pair of gloves
Will     .....                  (boots unavailable)
Stlth    ++........             (no amulet)
HPRegen  0.13/turn              l - ring of resist corrosion
MPRegen  0.00/turn              (no ring)

@: flying
A: fire resistance 2, cold vulnerability 1, float, innate caster, hp casting,
extra vitality 1
a: no special abilities


You were on level 4 of the Dungeon.
You visited 1 branch of the dungeon, and saw 4 of its levels.

You collected 104 gold pieces.

Inventory:

Hand Weapons
 a - a +0 rapier (weapon)
Missiles
 b - 31 sling bullets
 d - 13 arrows
 g - 13 bolts
 h - 48 stones
Armour
 c - a +0 robe (worn)
 e - a +0 kite shield
 r - a +0 pair of gloves (worn)
 v - a +0 cloak (worn)
Jewellery
 l - a ring of resist corrosion (left hand)
 m - a ring of ice
Wands
 u - a wand of flame (19)
Scrolls
 j - a scroll of enchant armour {unknown}
 k - 2 scrolls of teleportation {unknown}
 q - a scroll of fog {unknown}
 s - a scroll of noise {unknown}
 t - a scroll of blinking {unknown}
Potions
 f - a potion of magic {unknown}
 i - 3 potions of berserk rage {unknown}
 n - a potion of degeneration {unknown}
 o - 2 potions of curing {unknown}
 p - a potion of lignification {unknown}
 w - a potion of attraction {unknown}


   Skills:
 + Level 3.0 Fighting
 - Level 2.1 Dodging
 - Level 1.5 Stealth
 + Level 3.8 Spellcasting


You couldn't memorise any spells.
You knew the following spells:

 Your Spells              Type           Power      Damage    Failure   Level
a - Sting                 Tmut/Pois      68%        1d6       3%          1
b - Ignite Poison         Fire/Tmut/Pois 17%        N/A       10%         3
i - Call Imp              Summ           17%        N/A       4%          2
m - Mephitic Cloud        Conj/Pois/Air  17%        N/A       10%         3
o - Olgreb's Toxic Radia  Pois           17%        N/A       30%         4
r - Apportation           Tloc           34%        N/A       3%          1
v - Poisonous Vapours     Pois/Air       34%        N/A       4%          2
Your spell library was empty.

Dungeon Overview and Level Annotations

Branches:
Dungeon (4/15)
 Temple: D:4-7

Altars:
Cheibriados
Fedhas
Nemelex Xobeh
Qazlal
Ru
Trog
Yredelemnul
The Shining One


Innate Abilities, Weirdness & Mutations

You are immune to poison.
Your flesh is very heat resistant. (rF++)
You are vulnerable to cold. (rC-)
You float through the air rather than walking.
You learn spells naturally, not from books.
Your magical power is your life essence.
You have superior vitality. (+4 HP)


Message History

A white imp is nearby!
Casting: Sting (safe; 3% risk of failure)
Confirm with . or Enter, or press ? or * to list all spells.
A beastly little devil appears in a puff of flame.
The white imp gestures at you.
The puff of frost hits your crimson imp!
Your crimson imp is frozen!
Found an encrusted copper wand.
You see here a +0 spear.
The white imp gestures at you.
The puff of frost hits your crimson imp.
Your crimson imp is frozen!
Your crimson imp misses the white imp.
The white imp gestures at you. The puff of frost misses you.
Your crimson imp barely misses the white imp.
The white imp hits you. The white imp freezes you.
You feel a terrible chill!
Your crimson imp hits the white imp but does no damage.
You hit the white imp.
The white imp is moderately wounded.
The white imp gestures at you. The puff of frost hits you!
You feel a terrible chill!
Your crimson imp misses the white imp.
You barely miss the white imp.
The white imp is moderately wounded.
The white imp hits you but does no damage.
Your crimson imp barely misses the white imp.
You barely miss the white imp.
The white imp is moderately wounded.
The white imp gestures at you. The puff of frost hits you!
You feel a terrible chill!
* * * LOW HITPOINT WARNING * * *
Your crimson imp blinks!
You are too injured to fight recklessly!
You hit the white imp.
The white imp is severely wounded.
The white imp hits you but does no damage.
The white imp gestures at you. The puff of frost hits you!!
You feel a terrible chill!
You die...

##### #.... #.#..
#.#.# #.#.#
./####.#.# #
.......#.###$#.##
#$...@.......
#..).§5....##
###....#######
##......###
#....5....#
#.........#######.#
#.................#
##..........#####.
##....####.#


You could see a white imp (ally target) and a friendly crimson imp (summoned).

Vanquished Creatures
  Crazy Yiuf (D:3)
  3 adders
  An ufetubus (D:4)
  An adder skeleton (D:4)
  2 worms (D:2)
  A dart slug (D:1)
  A ball python (D:2)
  5 endoplasms
  3 giant cockroaches
  8 goblins
  5 hobgoblins
  4 kobolds (D:1)
  2 quokkas
  2 bats
  2 frilled lizards
  6 rats
47 creatures vanquished.

Notes
Turn   | Place    | Note
-------+----------+-------------------------------------------
     0 | D:1      | porpoise the Djinni Venom Mage began the quest for the Orb.
     0 | D:1      | Reached XP level 1. HP: 15/15 MP: 0/0
   383 | D:1      | Reached skill level 1 in Fighting
   383 | D:1      | Reached XP level 2. HP: 19/22 MP: 0/0
  1402 | D:2      | Reached XP level 3. HP: 25/27 MP: 0/0
  1402 | D:2      | Learned a level 1 spell: Apportation
  1864 | D:2      | Found a faded altar of an unknown god.
  2818 | D:3      | Found a blossoming altar of Fedhas.
  2923 | D:3      | Found a sacrificial altar of Ru.
  2924 | D:3      | Found a stormy altar of Qazlal.
  2926 | D:3      | Found a bloodstained altar of Trog.
  2930 | D:3      | Found a glowing golden altar of the Shining One.
  2935 | D:3      | Found a basalt altar of Yredelemnul.
  2963 | D:3      | Reached XP level 4. HP: 25/34 MP: 0/0
  3301 | D:3      | Found a snail-covered altar of Cheibriados.
  3301 | D:3      | Found a sparkling altar of Nemelex Xobeh.
  3641 | D:3      | Found a runed translucent door.
  3642 | D:3      | Noticed Crazy Yiuf
  3648 | D:3      | Killed Crazy Yiuf
  4142 | D:4      | Reached XP level 5. HP: 37/40 MP: 0/0
  4142 | D:4      | Learned a level 2 spell: Call Imp
  4193 | D:4      | Killed from afar by a white imp

Illustrated notes

Levels and vault maps discovered:
D:1:      lordsloth_arrival_two_stooges, layout_basic
D:2:      layout_loops_ring, serial_aquarium, aquarium_bridge_square
          [aquarium_subvault_bridge, aquarium_subvault_wall,
          aquarium_subvault_bridge, aquarium_subvault_wall],
          aquarium_bridge_straight [aquarium_subvault_bridge,
          aquarium_subvault_wall, aquarium_subvault_bridge,
          aquarium_subvault_wall], aquarium_window_corridor_1,
          aquarium_window_corner, aquarium_view_2d, aquarium_view_4,
          aquarium_balcony_5b, aquarium_pool_split, basic_ecumenical_altar
D:3:      layout_basic, grunt_temple_overflow_open,
          amethyst_overflow_temple_binary, grunt_decor_mini_mirrors,
          kennysheep_potato, uniq_crazy_yiuf_cottage
D:4:      layout_loops_ring, kennysheep_little_box

Skill      XL: |  1  2  3  4 |
---------------+-------------+-----
Fighting       | 1 2 3 |  3.0
Spellcasting   | 3 |  3.8
Dodging        | |  2.1
Stealth        | |  1.5

Action                   |  1- 3 |  4- 6 || total
-------------------------+-------+-------++-------
Melee: Spear             |    11 |       ||    11
       Rapier            |    11 |    17 ||    28
 Cast: Sting             |    59 |    14 ||    73
       Poisonous Vapours |     4 |     4 ||     8
       Ignite Poison     |       |     1 ||     1
       Call Imp          |       |     1 ||     1
Armor: Robe              |     1 |     7 ||     8
Dodge: Dodged            |    12 |     6 ||    18

Table legend: (Time is in decaauts)
 A = Elapsed time spent in this place.
 B = Non-inter-level travel time spent in this place.
 C = Inter-level travel time spent in this place.
 D = Time resting spent in this place.
 E = Time spent auto-exploring this place.
 F = Levels seen in this place.
 G = Mean time per level.
                   A        B        C        D        E       F      G
               +--------+--------+--------+--------+--------+-----+--------+
         Total |   4197 |   4137 |     60 |   1472 |   2260 |   4 | 1049.2 |
       Dungeon |   4197 |   4137 |     60 |   1472 |   2260 |   4 | 1049.2 |
               +--------+--------+--------+--------+--------+-----+--------+

Top non-repeatable levels by time:
     D:2: 1462 daAuts
     D:1: 1324 daAuts
     D:3: 1055 daAuts
     D:4: 354 daAuts
